 Dungeon Crawl Stone Soup version 0.30-a0-1160-g6e42c06551 (webtiles) character file.

Game seed: 18024790946806304026

1757 NinjaNoafa the Slasher (level 9, 0/67 HPs)
             Began as a Merfolk Monk on Apr 25, 2023.
             Slain by an ogre
             ... wielding a +0 giant spiked club
              (19 damage)
             ... on level 5 of the Dungeon.
             The game lasted 00:09:41 (5256 turns).

NinjaNoafa the Slasher (Merfolk Monk)               Turns: 5256, Time: 00:09:41

Health: 0/67       AC:  6    Str: 11    XL:     9   Next: 6%
Magic:  11/13      EV: 15    Int: 11    God:
Gold:   286        SH:  0    Dex: 19    Spells: 9/14 levels left

rFire   . . .        a - +2 dagger (elec)
rCold   . . .        d - orb {light}
rNeg    . . .        b - +2 leather armour {Will+}
rPois   .            (no helmet)
rElec   .            g - +0 cloak
rCorr   .            (no gloves)
SInv    .            (no boots)
Will    +....        (no amulet)
Stlth   +            (no ring)
HPRegen 0.31/turn    (no ring)
MPRegen 0.13/turn

%: no passive effects
@: very slightly contaminated, glowing
A: (nimble swimmer 2), mertail
a: no special abilities


You were on level 5 of the Dungeon.
You visited 1 branch of the dungeon, and saw 5 of its levels.
You also visited: Ossuary.

You collected 319 gold pieces.
You spent 33 gold pieces at shops.

Inventory:

Hand Weapons
 a - a +2 dagger of electrocution (weapon)
Armour
 b - a +2 leather armour of willpower (worn)
 d - an orb of light (worn)
 g - a +0 cloak (worn)
Scrolls
 e - 2 scrolls of immolation
 f - 3 scrolls of vulnerability
 h - a scroll of enchant weapon
 m - a scroll of fog {unknown}
 o - a scroll of acquirement {unknown}
 r - a scroll of magic mapping {unknown}
 t - a scroll of poison {unknown}
 u - a scroll of teleportation
Potions
 c - a potion of brilliance {unknown}
 i - 2 potions of haste
 j - a potion of resistance {unknown}
 k - 6 potions of curing
 l - 7 potions of lignification
 n - 3 potions of flight
 p - 2 potions of cancellation
 q - 3 potions of might {unknown}
 s - 2 potions of attraction
 v - a potion of magic {unknown}
 w - a potion of degeneration {unknown}


   Skills:
 + Level 4.9 Fighting
 + Level 5.1(7.2) Short Blades
 - Level 7.9(8.6) Long Blades
 + Level 6.0 Dodging
 - Level 3.0 Spellcasting
 - Level 5.0 Translocations


You had 9 spell levels left.
You knew the following spells:

 Your Spells              Type           Power      Damage    Failure   Level
a - Blink                 Tloc           24%        N/A       7%          2
b - Apportation           Tloc           24%        N/A       4%          1
c - Lesser Beckoning      Tloc           24%        N/A       7%          2

Your spell library contained the following spells:

 Spells                   Type           Power      Damage    Failure   Level
 Momentum Strike          Conj/Tloc      14%        3d8       19%         2
 Magic Dart               Conj           4%         1d3       34%         1
 Necrotise                Necr           4%         1d4       34%         1
 Summon Small Mammal      Summ           4%         N/A       34%         1
 Call Imp                 Summ           2%         N/A       45%         2
 Mephitic Cloud           Conj/Pois/Air  1%         N/A       71%         3


Dungeon Overview and Level Annotations

Branches:
Dungeon (5/15)            Ossuary (visited)
 Temple: D:4-7

Altars:

Shops:
D:1 !

Annotations:
D:5 2 transporters, zazu2006's ghost, novice NaHW


Innate Abilities, Weirdness & Mutations

((You are very nimble when in or above water. (Stealth+, EV+, Speed+++)))
Your lower body shifts to a powerful aquatic tail in water.


Message History

Level annotation: 2 transporters, zazu2006's ghost, novice NaHW The sleepcap closely misses you.
The sleepcap completely misses you.
There is a stone staircase leading up here.
A sleepcap is nearby!
A sleepcap is nearby!
You hit the sleepcap but do no damage.
The sleepcap releases spores at you but does no damage.
You hit the sleepcap but do no damage. You hit the sleepcap but do no damage.
Lightning courses through the sleepcap!
The sleepcap is heavily damaged.
The sleepcap releases spores at you.
You are engulfed in a cloud of soporific spores!
You fall asleep.
The sleepcap releases spores at you!!
You wake up.
You hit the sleepcap but do no damage.
The sleepcap is heavily damaged.
The sleepcap misses you.
You hit the sleepcap but do no damage.
The sleepcap is heavily damaged.
You hit the sleepcap. Lightning courses through the sleepcap!
You destroy the sleepcap!
Your Dodging skill increases to level 6!
You see here a +0 giant spiked club.
An ogre is nearby!
An ogre is nearby!
An ogre is nearby!
An ogre is nearby!
The ogre shouts!
You hit the ogre.
The ogre is lightly wounded.
The ogre hits you with a +0 giant spiked club!!
* * * LOW HITPOINT WARNING * * *
Unknown command.
Casting: Lesser Beckoning (safe; 7% risk of failure)
Confirm with . or Enter, or press ? or * to list all spells.
You miscast Blink.
You are very lightly contaminated with residual magic.
Nothing appears to happen.
The ogre hits you with a +0 giant spiked club!!
You die...

#### #
#...................>..
#......
#.#......................
.......
#.#>.....................
.#8.....
........................
.#.....#
#...................$..
.......#
#......................
..#....#
#......................
.##....#
#...........>...$......
.#.....#
#.....@O...............
.#8....#
#......................
.......#
#.)............).......
.......#
#......................
.#..#.##
#.<....................
<#..#.#
#......................
.#..#.# #
#......................
o...#.#
#.#.........)............
....#.#
#.#......................


You could see an ogre.

Vanquished Creatures
  Pikel (D:4)
  Sigmund (D:5)
  A steam dragon (D:5)
  A black bear (D:4)
  2 ogres
  A lemure (D:4)
  3 scorpions
  3 water moccasin zombies (Ossuary)
  A hound (D:2)
  2 sleepcaps (D:5)
  An orc priest (D:3)
  An iguana (D:4)
  An orc wizard (D:5)
  2 mummies (Ossuary)
  3 gnolls (D:5)
  6 adders
  A white imp (D:5)
  2 ufetubi (D:5)
  4 adder zombies (Ossuary)
  2 worms (D:2)
  3 dart slugs
  9 orcs
  6 endoplasms
  2 giant cockroaches
  2 gnoll zombies (Ossuary)
  7 goblins
  8 hobgoblins
  4 jackals
  15 kobolds
  5 quokkas
  7 ball pythons
  6 bats
  3 frilled lizards
  5 hobgoblin zombies (Ossuary)
  9 kobold zombies (Ossuary)
  4 orc zombies (Ossuary)
  6 rats
140 creatures vanquished.

Vanquished Creatures (others)
  A fungus (D:2)
  3 plants (D:2)
4 creatures vanquished.

Grand Total: 144 creatures vanquished

Notes
Turn   | Place    | Note
-------+----------+-------------------------------------------
     0 | D:1      | NinjaNoafa the Merfolk Monk began the quest for the Orb.
     0 | D:1      | Reached XP level 1. HP: 18/18 MP: 1/1
    99 | D:1      | Reached skill level 4 in Long Blades
   181 | D:1      | Reached XP level 2. HP: 22/24 MP: 2/2
   212 | D:1      | Found Toaluhog's Distillery.
   527 | D:1      | Reached skill level 5 in Long Blades
   527 | D:1      | Reached XP level 3. HP: 24/29 MP: 3/3
   671 | D:1      | Bought a potion of curing for 33 gold pieces
   787 | D:2      | Reached XP level 4. HP: 21/35 MP: 4/4
  1076 | D:2      | Reached skill level 6 in Long Blades
  1342 | D:2      | Found a faded altar of an unknown god.
  1654 | D:3      | Reached XP level 5. HP: 36/41 MP: 5/5
  1693 | D:3      | Reached skill level 1 in Spellcasting
  1781 | D:3      | Reached skill level 1 in Translocations
  1816 | D:3      | Reached skill level 7 in Long Blades
  2046 | D:3      | Reached XP level 6. HP: 47/47 MP: 6/8
  2061 | D:3      | Learned a level 2 spell: Blink
  2735 | D:4      | Reached XP level 7. HP: 44/52 MP: 10/10
  3682 | D:5      | Entered Level 5 of the Dungeon
  3714 | D:5      | Found a transporter.
  3717 | D:5      | Noticed Sigmund
  3718 | D:5      | Noticed zazu2006's ghost (novice NaHW)
  3738 | D:5      | Killed Sigmund
  3824 | D:5      | Found a transporter.
  3897 | D:5      | Noticed Pikel
  3927 | D:5      | Found a sand-covered staircase.
  3935 | Ossuary  | Entered an ossuary
  4127 | Ossuary  | Reached XP level 8. HP: 51/58 MP: 12/12
  4806 | D:5      | Reached skill level 5 in Translocations
  4982 | D:4      | Killed Pikel
  4983 | D:4      | Reached skill level 5 in Dodging
  5061 | D:4      | Learned a level 1 spell: Apportation
  5064 | D:4      | Learned a level 2 spell: Lesser Beckoning
  5083 | D:5      | Reached skill level 5 in Short Blades
  5083 | D:5      | Reached XP level 9. HP: 41/67 MP: 13/13
  5256 | D:5      | Slain by an ogre

Illustrated notes

Levels and vault maps discovered:
D:1:      lemuel_arrival_lava_pool, layout_basic, serial_shops, shop,
          amcnicky_mini_pool_small
D:2:      minmay_wonky_spiral, layout_loops_cross,
          shapermc_ecumenical_altar_mp_urbaneastern, roderic_serpentine_path,
          amcnicky_mini_corridor_feature, chequers_big_river, minivault_4,
          nicolae_figureground_sparkle
D:3:      layout_basic, grunt_ministairs_8
D:4:      layout_layer_cave, minmay_crystal_room
D:5:      layout_basic, lightli_ossuary_entry_decrepit_ruins,
          gammafunk_ghost_stat_death, dk_rats_in_the_wall, uniq_pikel,
          uniq_sigmund

Skill      XL: |  1  2  3  4  5  6  7  8  9 |
---------------+----------------------------+-----
Long Blades    | 4 5 6 7 |  7.9
Spellcasting   | 1 2 3 |  3.0
Translocations | 1 2 3 5 |  5.0
Short Blades   | 3 5 |  5.1
Fighting       | 4 |  4.9
Dodging        | 5 6 |  6.0

Action                     |  1- 3 |  4- 6 |  7- 9 || total
---------------------------+-------+-------+-------++-------
  Melee: Falchion          |    61 |   178 |    34 ||   273
         Tailslap          |       |     1 |       ||     1
         Dagger            |       |       |   183 ||   183
   Cast: Blink             |       |     1 |     5 ||     6
    Use: Scroll            |       |       |     9 ||     9
         Potion            |       |       |     4 ||     4
 Armour: Robe              |    13 |    26 |    28 ||    67
         Skin              |       |       |     4 ||     4
         Leather armour    |       |       |     4 ||     4
         Steam dragon scal |       |       |     1 ||     1
  Dodge: Dodged            |    45 |   119 |   147 ||   311

Table legend: (Time is in decaauts)
 A = Elapsed time spent in this place.
 B = Non-inter-level travel time spent in this place.
 C = Inter-level travel time spent in this place.
 D = Time resting spent in this place.
 E = Time spent auto-exploring this place.
 F = Levels seen in this place.
 G = Mean time per level.
                   A        B        C        D        E       F      G
               +--------+--------+--------+--------+--------+-----+--------+
         Total |   5137 |   4787 |    350 |    706 |   2650 |   6 |  856.2 |
       Dungeon |   4546 |   4196 |    350 |    401 |   2535 |   5 |  909.2 |
       Ossuary |    590 |    590 |      0 |    305 |    115 |   1 |  590.0 |
               +--------+--------+--------+--------+--------+-----+--------+

Top non-repeatable levels by time:
     D:4: 1421 daAuts
     D:3: 1010 daAuts
     D:2: 856 daAuts
     D:1: 809 daAuts
 Ossuary: 590 daAuts
     D:5: 448 daAuts
